 Dungeon Crawl Stone Soup version 0.29-a0-383-g8b6f518c11 (webtiles) character file.

Game seed: 906458104415253138

170 Kenran the Scratcher (level 5, 0/25 HPs)
             Began as a Felid Monk on May 6, 2022.
             Was an Initiate of Gozag.
             Slain by a black bear (8 damage)
             ... on level 3 of the Dungeon.
             The game lasted 00:09:38 (6193 turns).

Kenran the Scratcher (Felid Monk)                   Turns: 6193, Time: 00:09:39

Health: 0/25       AC:  1    Str:  7    XL:     5   Next: 25%
Magic:  6/6        EV: 19    Int: 14    God:    Gozag
Gold:   360        SH:  0    Dex: 18    Spells: 2/4 levels left
                                        Lives:  0   Deaths: 1

rFire   . . .      SeeInvis +     - Unarmed
rCold   . . .      Faith    .   (shield unavailable)
rNeg    . . .      Spirit   .   (body armour unavailable)
rPois   .          Reflect  .   (helmet unavailable)
rElec   .          Harm     .   (cloak unavailable)
rCorr   .          Rampage  .   (gloves unavailable)
Will    .....                   (boots unavailable)
Stlth   +++.......              (no amulet)
HPRegen 0.08/turn               (no ring)
MPRegen 0.10/turn               (no ring)

@: quick
A: very small, claws 1, fangs 3, see invisible, speed 1, shaggy fur 1, stealthy
paws, no weapons or thrown items, no armour, multi-lived
a: Renounce Religion, Potion Petition, Call Merchant, Bribe Branch


You were on level 3 of the Dungeon.
You worshipped Gozag.
Gozag was aware of your devotion.
You visited 1 branch of the dungeon, and saw 4 of its levels.

You collected 360 gold pieces.

Inventory:

Scrolls
 b - 4 scrolls of identify {unknown}
 c - 2 scrolls of enchant weapon {unknown}
 f - a scroll of fear {unknown}
 k - 2 scrolls of poison {unknown}
 l - a scroll of teleportation {unknown}
 n - a scroll of amnesia {unknown}
 o - a scroll of immolation {unknown}
 p - a scroll of torment {unknown}
 q - a scroll of fog {unknown}
Potions
 a - a potion of ambrosia
 d - 2 potions of berserk rage {!q}
 e - a potion of cancellation
 g - 2 potions of curing {unknown}
 h - a potion of magic {unknown}
 i - 3 potions of attraction {unknown}
 j - a potion of heal wounds {unknown}
 m - a potion of mutation {unknown}


   Skills:
 + Level 3.6 Fighting
 - Level 5.0 Dodging
 + Level 4.3 Stealth
 + Level 5.4 Unarmed Combat


You had 2 spell levels left.
You knew the following spells:

 Your Spells              Type           Power      Damage    Failure   Level
a - Blink                 Tloc           0%         N/A       41%         2

Your spell library contained the following spells:

 Spells                   Type           Power      Damage    Failure   Level
 Lesser Beckoning         Tloc           0%         N/A       65%         3
 Manifold Assault         Tloc           0%         N/A       100%        5


Dungeon Overview and Level Annotations

Branches:
Dungeon (4/15)
 Temple: D:4-7

Altars:
Gozag


Innate Abilities, Weirdness & Mutations

You have sharp claws.
You have razor-sharp teeth.
You have supernaturally acute eyesight. (SInv)
You cover ground quickly. (Speed+)
You are covered in fur. (AC +1)
Your paws help you pounce on unaware monsters.
You are incapable of wielding weapons or throwing items.
You cannot wear armour.
You gain extra lives every three experience levels.


Message History

You climb upwards.
There is a stone staircase leading down here.
You can't go up here!
You climb downwards.
The black bear barely misses you.
The black bear claws you. x2; The black bear barely misses you.
The black bear misses you. The black bear completely misses you.
There is a stone staircase leading up here.
The black bear closely misses you. The black bear misses you. x2
You climb upwards.
There is a stone staircase leading down here.
You scratch the black bear.
The black bear is lightly wounded.
The black bear barely misses you. The black bear closely misses you.
The black bear misses you.
You claw the black bear!
You bite the black bear, but do no damage.
The black bear is heavily wounded.
The black bear completely misses you. The black bear claws you.
The black bear barely misses you.
You scratch the black bear but do no damage.
The black bear is heavily wounded.
The black bear barely misses you. The black bear misses you.
The black bear claws you.
You claw the black bear!
The black bear is severely wounded.
The black bear goes berserk!
You scratch the black bear but do no damage.
The black bear is severely wounded.
The black bear closely misses you. The black bear barely misses you.
The black bear claws you.
You barely miss the black bear.
The black bear is severely wounded.
The black bear bites you. The black bear barely misses you.
The black bear completely misses you. The black bear misses you.
The black bear barely misses you. The black bear completely misses you.
The black bear attacks as you move away!
The black bear bites you!
You die...
Your body crumbles into a pile of gold.

#.# #### #.# #... ###.###### ###
#.## #........######## ##.###.##
#....#.)........## #........
#.....>#.######..## ##.###...
#.[...#..# #...# #.# ####
......#.#########h# #.#
#.#.####........@## #.# #.#[#
#.≈≈≈≈≈≈≈.# #.#
#.#)####≈..≈≈≈..≈# #####.#####
#..)...#≈.≈...≈.≈# #.........#
#.....##≈.≈._.≈.≈# #.###.###.#
.......#≈.≈...≈.≈# #.###..##.##
.......#≈..≈≈≈..≈#####.........##
.......#.≈≈≈≈≈≈≈.#.........).)..'
.......#.........#.######....####


You could see a black bear (berserk).

Vanquished Creatures
  2 orc priests (D:3)
  Robin (D:2)
  4 gnolls (D:1)
  4 adders
  3 worms
  2 dart slugs (D:1)
  14 orcs
  5 ball pythons
  4 bats
  4 endoplasms
  4 giant cockroaches
  9 goblins
  14 hobgoblins
  2 jackals
  11 kobolds
  3 quokkas
  4 frilled lizards
  2 rats
92 creatures vanquished.

Notes
Turn   | Place    | Note
-------+----------+-------------------------------------------
     0 | D:1      | Kenran the Felid Monk began the quest for the Orb.
     0 | D:1      | Reached XP level 1. HP: 10/10 MP: 2/2
   138 | D:1      | Reached XP level 2. HP: 14/14 MP: 3/3
   736 | D:1      | Reached XP level 3. HP: 17/17 MP: 4/4
  1080 | D:2      | Noticed Robin
  1536 | D:2      | Killed Robin
  1760 | D:2      | Reached XP level 4. HP: 18/21 MP: 5/5
  2419 | D:1      | Reached skill level 5 in Dodging
  2663 | D:2      | Reached skill level 5 in Unarmed Combat
  3396 | D:3      | Reached XP level 5. HP: 24/24 MP: 6/6
  3484 | D:3      | Learned a level 2 spell: Blink
  3950 | D:3      | Found an opulent altar of Gozag.
  3974 | D:3      | Became a worshipper of Gozag Ym Sagoz the Greedy
  4440 | D:3      | Killed from afar by an orc priest
  4441 | D:3      | Reached XP level 4. HP: -4/31 MP: 5/5
  5656 | D:3      | Reached XP level 5. HP: 2/24 MP: 6/6
  6151 | D:4      | Noticed a black bear
  6193 | D:3      | Slain by a black bear

Illustrated notes

Levels and vault maps discovered:
D:1:      minmay_arrival_four_circles, layout_basic, kennysheep_crisscross,
          minmay_hexomino_c4
D:2:      layout_loops_ring, uniq_robin
D:3:      layout_loops_corners, mainiacjoe_overflow_paths, minmay_cut_off
D:4:      layout_basic, kennysheep_donut,
          nicolae_concentric_dashed_squares_mild, uniq_sigmund

Skill      XL: |  1  2  3  4 |
---------------+-------------+-----
Stealth        | 3 4 |  4.3
Unarmed Combat | 4 5 |  5.4
Dodging        | 5 |  5.0
Fighting       | |  3.6

Action                   |  1- 3 |  4- 6 || total
-------------------------+-------+-------++-------
Melee: Unarmed           |    96 |   167 ||   263
       Bite              |    11 |    12 ||    23
       Punch             |     1 |     4 ||     5
  Use: Potion            |       |     2 ||     2
 Stab: Sleeping          |    10 |    10 ||    20
       Distracted        |       |     1 ||     1
Armor: Skin              |     2 |     3 ||     5
Dodge: Dodged            |    82 |   130 ||   212

Table legend: (Time is in decaauts)
 A = Elapsed time spent in this place.
 B = Non-inter-level travel time spent in this place.
 C = Inter-level travel time spent in this place.
 D = Time resting spent in this place.
 E = Time spent auto-exploring this place.
 F = Levels seen in this place.
 G = Mean time per level.
                   A        B        C        D        E       F      G
               +--------+--------+--------+--------+--------+-----+--------+
         Total |   5658 |   5553 |    105 |   3023 |   1280 |   4 | 1414.5 |
       Dungeon |   5658 |   5553 |    105 |   3023 |   1280 |   4 | 1414.5 |
               +--------+--------+--------+--------+--------+-----+--------+

Top non-repeatable levels by time:
     D:2: 1928 daAuts
     D:1: 1814 daAuts
     D:3: 1710 daAuts
     D:4: 205 daAuts
